 Dungeon Crawl Stone Soup version 0.27.1-34-g3ba077fa99 (webtiles) character file.

Game seed: 317445168314828021

133409 Renzlar the Basher (level 17, -10/135 HPs)
             Began as a Gnoll Fighter on Jan 20, 2022.
             Was the Champion of Okawaru.
             Killed from afar by Aizul (23 damage)
             ... with a poison arrow
             ... on level 1 of the Swamp.
             The game lasted 02:20:18 (34614 turns).

Renzlar the Basher (Gnoll Fighter)                 Turns: 34614, Time: 02:20:19

Health: -10/135    AC: 31    Str: 19    XL:     17   Next: 14%
Magic:  32/32      EV: 14    Int: 19    God:    Okawaru [******]
Gold:   1567       SH:  0    Dex: 13    Spells: 9/38 levels left

rFire    + + .     SeeInvis .   b - +4 long sword (elec)
rCold    . . .     Faith    .   G - +0 kite shield {AC+3}
rNeg     . . .     Spirit   .   E - +6 scale mail "Cotajig" {rF+}
rPois    .         Reflect  +   S - +2 hat {Will+}
rElec    .         Harm     .   O - +4 cloak "Ukirghoss" {Int+3}
rCorr    .         Rampage  .   d - +2 pair of gloves
Will     ++...                  t - +0 pair of boots
Stlth    +++.......             z - amulet of reflection
HPRegen  0.32/turn              N - +4 ring of slaying
MPRegen  0.23/turn              l - +6 ring of intelligence

@: lethally poisoned (-10 -> -45), sleeping, studying Maces & Flails
A: fangs 1, strong nose, distributed training, fire resistance 1, wild magic 1
a: Renounce Religion, Heroism, Finesse


You were on level 1 of the Swamp.
You worshipped Okawaru.
Okawaru was exalted by your worship.
You visited 5 branches of the dungeon, and saw 25 of its levels.

You collected 3682 gold pieces.
You spent 2115 gold pieces at shops.

Inventory:

Hand Weapons
 a - the +2 war axe of Big Damage {vamp, rN++ Will-}
   (You found it on level 10 of the Dungeon)

   It occasionally heals its wielder for a portion of the damage dealt when it
   wounds a living foe.
   rN:        It greatly protects you from negative energy.
   Will:      It decreases your willpower.
 b - a +4 long sword of electrocution (weapon)
 c - the +9 hunting sling of a Hundred Orbs {flame, rElec Will++}
   (You found it on level 12 of the Dungeon)

   Any ammunition fired from it burns those it strikes, dealing additional fire
   damage.
   rElec:     It insulates you from electricity.
   Will:      It greatly increases your willpower.
 o - a +0 dagger of speed
 p - a +0 scimitar of flaming
 A - the +1 double sword of the Pyrrhic Victory {antimagic, rF+ Str+2 Int+4}
   (You found it on level 7 of the Dungeon)

   It reduces the magical energy of the wielder, and disrupts the spells and
   magical abilities of those it strikes.
   Natural abilities and divine invocations are not affected.
   Str:       It affects your strength (+2).
   Int:       It affects your intelligence (+4).
   rF:        It protects you from fire.
 V - the +7 demon whip of Voud {drain, rN+}
   (Okawaru gifted it to you on level 10 of the Dungeon)

   A truly terrible weapon, it drains the life of any living foe it strikes.
   rN:        It protects you from negative energy.
Missiles
 f - 478 stones (quivered)
 i - 141 poisoned darts
 r - 223 sling bullets
 w - 225 bolts
 x - 3 throwing nets
 I - 14 silver javelins
 L - 8 curare-tipped darts
Armour
 d - a +2 pair of gloves (worn)
 n - a +0 chain mail of cold resistance
 t - a +0 pair of boots (worn)
 E - the +6 scale mail "Cotajig" (worn) {rF+}
   (You found it on level 8 of the Dungeon)

   rF:        It protects you from fire.
 G - a +0 kite shield of protection (worn)
 O - the +4 cloak "Ukirghoss" (worn) {Int+3}
   (Okawaru gifted it to you on level 5 of the Lair of Beasts)

   Int:       It affects your intelligence (+3).
 S - a +2 hat of willpower (worn)
Jewellery
 l - a +6 ring of intelligence (right hand)
 z - an amulet of reflection (around neck)
 F - a ring of fire
 N - a +4 ring of slaying (left hand)
 Y - a ring of positive energy
Wands
 s - a wand of iceblast (5)
 y - a wand of digging (4)
 C - a wand of mindburst (20)
 M - a wand of acid (9)
 Q - a wand of paralysis (11)
Scrolls
 e - a scroll of amnesia
 h - 13 scrolls of teleportation
 m - a scroll of enchant armour
 u - 3 scrolls of fear
 v - 2 scrolls of fog
 H - a scroll of blinking
 J - 9 scrolls of identify
 T - 3 scrolls of magic mapping
Potions
 g - a potion of ambrosia
 j - 2 potions of curing
 k - 2 potions of invisibility
 B - 2 potions of mutation
 P - a potion of might
 R - a potion of flight
 U - a potion of heal wounds
 X - 3 potions of haste
Miscellaneous
 K - a box of beasts
 W - a condenser vane


   Skills:
 + Level 12.8 Fighting
 + Level 11.3 Short Blades
 + Level 11.3 Long Blades
 + Level 12.1 Axes
 + Level 14.8 Maces & Flails
 + Level 11.3 Polearms
 + Level 11.3 Staves
 + Level 11.3 Slings
 + Level 11.3 Bows
 + Level 11.3 Crossbows
 + Level 11.3 Throwing
 + Level 12.8 Armour
 + Level 11.3 Dodging
 + Level 11.3 Stealth
 + Level 12.8 Shields
 + Level 11.3 Unarmed Combat
 + Level 11.3 Spellcasting
 + Level 9.6 Conjurations
 + Level 9.6 Hexes
 + Level 9.6 Summonings
 + Level 9.6 Necromancy
 + Level 9.6 Translocations
 + Level 9.6 Transmutations
 + Level 9.6 Fire Magic
 + Level 9.6 Ice Magic
 + Level 9.6 Air Magic
 + Level 9.6 Earth Magic
 + Level 9.6 Poison Magic
 + Level 12.2 Invocations
 + Level 11.3 Evocations


You had 9 spell levels left.
You knew the following spells:

 Your Spells              Type           Power      Damage    Failure   Level
a - Blink                 Tloc           N/A        N/A       1%          2
b - Animate Armour        Summ/Erth      100%       N/A       6%          4
c - Freezing Cloud        Conj/Ice/Air   28%        6-21      16%         5
d - Manifold Assault      Tloc           57%        N/A       16%         5
e - Summon Forest         Summ/Tloc      28%        N/A       16%         5
f - Irradiate             Conj/Tmut      28%        3d23      16%         5
g - Portal Projectile     Hex/Tloc       100%       N/A       2%          3

Your spell library contained the following spells:

 Spells                   Type           Power      Damage    Failure   Level
 Shock                    Conj/Air       100%       1d9       1%          1
 Corpse Rot               Necr/Air       N/A        N/A       1%          2
 Poisonous Vapours        Pois/Air       100%       N/A       1%          2
 Slow                     Hex            57%        N/A       1%          2
 Confusing Touch          Hex            57%        N/A       2%          3
 Gell's Gravitas          Tloc           28%        N/A       2%          3
 Lesser Beckoning         Tloc           28%        N/A       2%          3
 Swiftness                Air            57%        N/A       2%          3
 Teleport Other           Tloc           57%        N/A       2%          3
 Vampiric Draining        Necr           28%        2d10      2%          3
 Airstrike                Air            28%        N/A       6%          4
 Animate Dead             Necr           28%        N/A       6%          4
 Blade Hands              Tmut           28%        N/A       16%         5
 Borgnjor's Vile Clutch   Necr/Erth      28%        N/A       16%         5
 Excruciating Wounds      Necr           28%        N/A       16%         5
 Summon Mana Viper        Hex/Summ       57%        N/A       16%         5
 Death Channel            Necr           28%        N/A       61%         6
 Iron Shot                Conj/Erth      28%        9d6       61%         6
 Shadow Creatures         Summ           N/A        N/A       61%         6
 Dragon Form              Tmut           28%        N/A       98%         7


Dungeon Overview and Level Annotations

Branches:
Dungeon (15/15)            Temple (1/1) D:4            Lair (6/6) D:8
  Swamp (1/4) Lair:4        Snake (0/4) Lair:4        Slime (0/5) Lair:5
    Orc (2/2) D:10            Elf (0/3) Orc:2        Vaults (0/5) D:13
 Depths (0/5) D:15

Altars:
Ashenzari
Cheibriados
Dithmenos
Elyvilon
Fedhas
Gozag
Hepliaklqana
Kikubaaqudgha
Makhleb
Nemelex Xobeh
Okawaru
Qazlal
Ru
Sif Muna
Trog
Uskayaw
Vehumet
Wu Jian
Xom
Yredelemnul
Zin
The Shining One
Jiyva

Shops:
D:2 =   D:8 (   D:12 (   Orc:2 [??*

Annotations:
D:14 2 runed translucent doors, Cown's ghost, journeyman TrHu
Swamp:1 Aizul


Innate Abilities, Weirdness & Mutations

You have very sharp teeth.
Your uncanny sense of smell can sniff out nearby items.
Your experience applies equally to all skills.
Your flesh is heat resistant. (rF+)
Your spells are a little harder to cast, but a little more powerful.


Message History

Aizul is severely wounded.
You feel very sick. You block Aizul's attack.
Aizul hits you but does no damage.
You closely miss Aizul.
Aizul is severely wounded.
You feel very sick. Aizul hits you but does no damage.
You feel better. You block Aizul's attack. Aizul hits you but does no damage.
You hit Aizul.
Aizul is severely wounded.
Aizul casts a spell at you. The poison arrow hits you!!
You are poisoned.
* * * LOW HITPOINT WARNING * * *
Unknown command.
You slash Aizul! Lightning courses through Aizul!
Aizul is almost dead.
* * * LOW HITPOINT WARNING * * *
You feel very sick. You block Aizul's attack.
Unknown command.
You feel better. Aizul hits you.
* * * LOW HITPOINT WARNING * * *
You block Aizul's attack.
You feel much better. You block Aizul's attack.
You slash Aizul!
Aizul is almost dead.
Aizul casts a spell at you. The bolt of poison hits you!!
You are poisoned.
* * * LOW HITPOINT WARNING * * *
Aizul says, "Everybody has to sleep sometimes."
Aizul casts a spell at you.
You fall asleep.
* * * LOW HITPOINT WARNING * * *
You feel very sick. Aizul casts a spell at you. The poison arrow hits you!!
You are more poisoned.
You die...

♣♣ ♣♣/♣ .≈. ♣♣.. ♣♣.?.
♣♣♣ ♣♣≈... ♣♣♣ ♣≈♣
♣≈.≈≈.♣♣♣≈♣♣ ♣♣.♣♣♣
♣...≈@....♣♣ ♣♣≈≈♣≈.
.....≈..S≈≈..♣ ♣≈...≈≈
..≈≈≈≈♣♣≈(≈.§♣♣♣♣♣..≈≈♣≈
≈...≈≈ ♣.§§≈....♣♣.≈).≈.
.≈≈.. ♣.≈≈(.§≈≈.♣≈.....
≈≈≈♣. ♣♣...(≈≈≈.....≈♣♣
≈≈.. ......≈≈≈≈.≈≈.♣♣♣♣
...# .......(§(≈...♣♣♣♣♣
..##..≈≈....≈.♣♣♣..


You could see Aizul.

Vanquished Creatures
  The ghost of Jeffwins the Severer, a journeyman OgMo of Okawaru (Orc:1)
  An eleionoma (Lair:4)
  Josephine (Lair:6)
  2 fire dragons
  8 hydras
  The ghost of Vadun the Cleaver, a journeyman DsBe of Trog (D:10)
  4 boulder beetles
  A rakshasa (D:12)
  Erica (D:10)
  9 centaur warriors
  27 two-headed ogres
  5 ogre magi
  21 death yaks
  The ghost of 4000weaks the Basher, a novice GrBe of Trog (D:8)
  11 skeletal warriors
  An orange crystal statue (D:11)
  A bog body (Swamp:1)
  2 spriggan druids
  A wizard (D:13)
  2 lindwurms
  3 deep elf pyromancers
  2 orc sorcerers
  5 orc knights
  A wolf spider (Lair:1)
  2 ugly things
  An oklob plant (D:10)
  6 manticores
  6 elephants
  7 cyclopes
  Maurice (D:8)
  7 black mambas
  3 molten gargoyles (Lair:6)
  15 cane toads
  5 gargoyles
  2 torpor snails
  5 yaktaurs (D:15)
  Psyche (D:8)
  An unseen horror (D:12)
  4 rime drakes
  A komodo dragon (shapeshifter) (D:14)
  4 kobold demonologists
  12 komodo dragons
  A tengu conjurer (D:10)
  7 trolls
  3 polar bears
  Grinder (D:4)
  2 hornets
  7 blink frogs
  10 dream sheep (Lair:6)
  7 slime creatures
  A redback (Lair:1)
  A tarantella (Lair:1)
  57 yaks
  2 shadows
  8 wraiths
  3 spriggans
  8 basilisks
  8 wyverns
  17 vampire mosquitoes
  4 steam dragons
  A warg (Orc:2)
  7 swamp worms
  3 nagas (Lair:4)
  An acid dragon (D:14)
  4 hell hounds (Lair:6)
  A floating eye (shapeshifter) (D:15)
  13 water moccasins
  14 orc warriors
  4 sky beasts
  A swamp drake (Swamp:1)
  4 black bears
  2 ice beasts
  32 ogres
  28 wolves
  20 centaurs
  3 phantoms (D:4)
  Blork the orc (D:4)
  13 bullfrogs
  2 scorpions
  A gnoll sergeant (D:7)
  2 two-headed ogre simulacra (D:11)
  5 kobold brigands
  A wyvern skeleton (D:6)
  A hornet simulacrum (D:8)
  A killer bee (D:10)
  2 wights (D:7)
  8 howler monkeys
  2 electric eels
  A spectral centaur (D:8)
  5 centaur zombies
  10 lava snakes
  3 hounds
  A wyvern simulacrum (D:8)
  6 jellies
  2 bullfrog skeletons (D:5)
  3 orc priests
  A centaur skeleton (D:6)
  4 iguanas
  Ijyb (D:4)
  13 orc wizards
  Natasha (D:3)
  5 hell rats (Lair:2)
  A troll simulacrum (D:11)
  A centaur simulacrum (D:8)
  2 howler monkey zombies
  6 adders
  A gnoll (D:1)
  A naga simulacrum (D:11)
  A shadow imp (D:6)
  A white imp (D:5)
  A howler monkey simulacrum (D:8)
  An ufetubus (D:5)
  An adder skeleton (D:4)
  A worm (D:3)
  5 dart slugs
  35 orcs
  8 endoplasms
  3 giant cockroaches
  9 goblins
  8 hobgoblins
  19 kobolds
  2 ball pythons
  A bat (D:3)
  4 frilled lizards
  5 rats
  A butterfly (D:14)
693 creatures vanquished.

Vanquished Creatures (others)
  A deep elf pyromancer (D:12)
  A kobold brigand (D:10)
  An orc wizard (D:10)
  A hobgoblin (D:4)
  A quokka (D:4)
  3 bushes
  26 fungi
  33 plants
67 creatures vanquished.

Grand Total: 760 creatures vanquished

Notes
Turn   | Place    | Note
-------+----------+-------------------------------------------
     0 | D:1      | Renzlar the Gnoll Fighter began the quest for the Orb.
     0 | D:1      | Reached XP level 1. HP: 23/23 MP: 1/1
    58 | D:1      | Found a faded altar of an unknown god.
    94 | D:1      | Reached XP level 2. HP: 27/29 MP: 2/2
   422 | D:1      | Reached XP level 3. HP: 30/35 MP: 3/3
  1184 | D:2      | Reached skill level 1 in Invocations
  1234 | D:2      | Noticed an ogre
  1244 | D:2      | Killed an ogre
  1245 | D:2      | Reached skill level 1 in Short Blades
  1245 | D:2      | Reached skill level 1 in Long Blades
  1245 | D:2      | Reached skill level 1 in Maces & Flails
  1245 | D:2      | Reached skill level 1 in Polearms
  1245 | D:2      | Reached skill level 1 in Staves
  1245 | D:2      | Reached skill level 1 in Slings
  1245 | D:2      | Reached skill level 1 in Bows
  1245 | D:2      | Reached skill level 1 in Crossbows
  1245 | D:2      | Reached skill level 1 in Throwing
  1245 | D:2      | Reached skill level 1 in Dodging
  1245 | D:2      | Reached skill level 1 in Stealth
  1245 | D:2      | Reached skill level 1 in Unarmed Combat
  1245 | D:2      | Reached skill level 1 in Spellcasting
  1245 | D:2      | Reached skill level 1 in Conjurations
  1245 | D:2      | Reached skill level 1 in Hexes
  1245 | D:2      | Reached skill level 1 in Summonings
  1245 | D:2      | Reached skill level 1 in Necromancy
  1245 | D:2      | Reached skill level 1 in Translocations
  1245 | D:2      | Reached skill level 1 in Transmutations
  1245 | D:2      | Reached skill level 1 in Fire Magic
  1245 | D:2      | Reached skill level 1 in Ice Magic
  1245 | D:2      | Reached skill level 1 in Air Magic
  1245 | D:2      | Reached skill level 1 in Earth Magic
  1245 | D:2      | Reached skill level 1 in Poison Magic
  1245 | D:2      | Reached skill level 1 in Evocations
  1245 | D:2      | Reached XP level 4. HP: 22/41 MP: 4/6
  1245 | D:2      | Reached XP level 5. HP: 26/47 MP: 4/7
  1503 | D:2      | Found Ryweuvin's Jewellery Emporium.
  1858 | D:3      | Found an ancient bone altar of Kikubaaqudgha.
  2352 | D:3      | Found a bloodstained altar of Trog.
  2353 | D:3      | Found a burning altar of Makhleb.
  2509 | D:4      | Noticed Natasha
  2509 | D:4      | Noticed Blork the orc
  2531 | D:3      | Killed Natasha
  2612 | D:4      | Killed Blork the orc
  2613 | D:4      | Reached XP level 6. HP: 46/53 MP: 8/8
  2721 | D:4      | Noticed Ijyb
  2732 | D:4      | Killed Ijyb
  2733 | D:4      | Reached skill level 5 in Axes
  2922 | D:4      | Noticed Grinder
  2941 | D:4      | Paralysed by Grinder for 2 turns
  2961 | D:4      | Killed Grinder
  2962 | D:4      | Reached skill level 2 in Maces & Flails
  2962 | D:4      | Reached XP level 7. HP: 10/60 MP: 8/10
  3282 | D:4      | Found a staircase to the Ecumenical Temple.
  3701 | D:4      | Reached XP level 8. HP: 32/67 MP: 12/12
  3910 | D:4      | Reached skill level 3 in Maces & Flails
  4154 | D:5      | Entered Level 5 of the Dungeon
  4237 | Temple   | Entered the Ecumenical Temple
  4325 | Temple   | Became a worshipper of Warmaster Okawaru
  5318 | D:6      | Reached * piety under Okawaru
  5366 | D:6      | Reached XP level 9. HP: 72/72 MP: 14/14
  5512 | D:6      | Found a radiant altar of Vehumet.
  5611 | D:6      | Found a blossoming altar of Fedhas.
  5613 | D:6      | Found a shadowy altar of Dithmenos.
  5613 | D:6      | Found an ornate altar of the Wu Jian Council.
  5615 | D:6      | Found a shimmering altar of Xom.
  5615 | D:6      | Found a snail-covered altar of Cheibriados.
  5615 | D:6      | Found a hide-covered altar of Uskayaw.
  5721 | D:6      | Reached skill level 4 in Maces & Flails
  6024 | D:7      | Found a stormy altar of Qazlal.
  6085 | D:7      | Reached ** piety under Okawaru
  6118 | D:7      | Reached skill level 5 in Invocations
  6128 | D:7      | Noticed a cyclops
  6142 | D:7      | Killed a cyclops
  6143 | D:7      | Reached skill level 5 in Maces & Flails
  6159 | D:7      | Identified the +1 double sword of the Pyrrhic Victory
                  | {antimagic, rF+ Str+2 Int+4}
  6190 | D:7      | Reached *** piety under Okawaru
  6218 | D:7      | Reached XP level 10. HP: 79/80 MP: 17/17
  6283 | D:7      | Reached skill level 5 in Short Blades
  6283 | D:7      | Reached skill level 5 in Long Blades
  6283 | D:7      | Reached skill level 5 in Polearms
  6283 | D:7      | Reached skill level 5 in Staves
  6283 | D:7      | Reached skill level 5 in Slings
  6283 | D:7      | Reached skill level 5 in Bows
  6283 | D:7      | Reached skill level 5 in Crossbows
  6283 | D:7      | Reached skill level 5 in Throwing
  6283 | D:7      | Reached skill level 5 in Dodging
  6283 | D:7      | Reached skill level 5 in Stealth
  6283 | D:7      | Reached skill level 5 in Unarmed Combat
  6283 | D:7      | Reached skill level 5 in Spellcasting
  6283 | D:7      | Reached skill level 5 in Evocations
  6766 | D:8      | Found a staircase to the Lair.
  7034 | D:8      | Found Xenaties's Weapon Shop.
  7036 | D:8      | Noticed Psyche
  7051 | D:8      | Killed Psyche
  7052 | D:8      | Reached skill level 6 in Maces & Flails
  7494 | D:8      | Found a runed translucent gate.
  7494 | D:8      | Found a runed translucent gate.
  7494 | D:8      | Found a runed translucent gate.
  7502 | D:8      | Noticed 4000weaks's ghost (novice GrBe)
  7591 | D:8      | Killed 4000weaks's ghost
  7591 | D:8      | Reached **** piety under Okawaru
  8127 | D:8      | Noticed Maurice
  8186 | D:8      | Killed Maurice
  8186 | D:8      | Received a gift from Okawaru
  8574 | D:8      | Learned a level 2 spell: Blink
  8613 | D:8      | Found a viscous altar of Jiyva.
  8689 | D:8      | Identified the +6 scale mail "Cotajig" {rF+}
  9051 | D:9      | Reached skill level 7 in Maces & Flails
  9087 | D:9      | Reached XP level 11. HP: 87/87 MP: 19/19
  9091 | D:9      | Reached ***** piety under Okawaru
  9307 | D:9      | Reached skill level 5 in Conjurations
  9307 | D:9      | Reached skill level 5 in Hexes
  9307 | D:9      | Reached skill level 5 in Summonings
  9307 | D:9      | Reached skill level 5 in Necromancy
  9307 | D:9      | Reached skill level 5 in Translocations
  9307 | D:9      | Reached skill level 5 in Transmutations
  9307 | D:9      | Reached skill level 5 in Fire Magic
  9307 | D:9      | Reached skill level 5 in Ice Magic
  9307 | D:9      | Reached skill level 5 in Air Magic
  9307 | D:9      | Reached skill level 5 in Earth Magic
  9307 | D:9      | Reached skill level 5 in Poison Magic
  9845 | D:10     | Entered Level 10 of the Dungeon
  9845 | D:10     | Noticed Erica
  9863 | D:10     | Killed Erica
  9863 | D:10     | Received a gift from Okawaru
  9971 | Lair:1   | Entered Level 1 of the Lair of Beasts
 10203 | Lair:1   | Reached skill level 8 in Maces & Flails
 10341 | Lair:1   | Received a gift from Okawaru
 10342 | Lair:1   | Found the +4 skin of Zhor {*Englaciate rC+++ SInv}
 10467 | Lair:1   | Found a runed translucent door.
 10488 | Lair:1   | Noticed a wolf spider
 10500 | Lair:1   | Killed a wolf spider
 10504 | Lair:1   | Found a runed translucent gate.
 10507 | Lair:1   | Noticed a boulder beetle
 10508 | Lair:1   | Found a runed translucent gate.
 10509 | Lair:1   | Found a runed translucent gate.
 10509 | Lair:1   | Found a runed translucent gate.
 10509 | Lair:1   | Found a runed translucent gate.
 10509 | Lair:1   | Noticed a lindwurm
 10509 | Lair:1   | Noticed a boulder beetle
 10510 | Lair:1   | Found a runed translucent gate.
 10531 | Lair:1   | Killed a boulder beetle
 10541 | Lair:1   | Killed a boulder beetle
 10923 | Lair:1   | Killed a lindwurm
 10924 | Lair:1   | Reached XP level 12. HP: 76/96 MP: 22/22
 11262 | Lair:1   | Reached skill level 9 in Maces & Flails
 12481 | Lair:2   | Received a gift from Okawaru
 12624 | Lair:2   | Reached skill level 10 in Fighting
 12624 | Lair:2   | Reached skill level 10 in Armour
 12624 | Lair:2   | Reached skill level 10 in Shields
 12803 | Lair:2   | Received a gift from Okawaru
 13337 | Lair:3   | Reached ****** piety under Okawaru
 13352 | Lair:3   | Reached skill level 10 in Maces & Flails
 13561 | Lair:3   | Received a gift from Okawaru
 14352 | Lair:4   | Noticed an eight-headed hydra
 14361 | Lair:3   | Reached XP level 13. HP: 92/103 MP: 24/24
 14476 | Lair:3   | Received a gift from Okawaru
 14955 | Lair:2   | Received a gift from Okawaru
 15824 | Lair:4   | Learned a level 4 spell: Animate Armour
 15971 | Lair:4   | Received a gift from Okawaru
 15972 | Lair:4   | Reached skill level 11 in Maces & Flails
 15998 | Lair:4   | Received a gift from Okawaru
 16324 | Lair:4   | You fall into a shaft and drop 1 floor!
 16534 | Lair:5   | Found a viscous altar of Jiyva.
 16534 | Lair:5   | Found a staircase to the Slime Pits.
 16878 | D:2      | Bought a +4 ring of slaying for 858 gold pieces
 17174 | Lair:4   | Found a staircase to the Snake Pit.
 17417 | Lair:4   | Found a staircase to the Swamp.
 17974 | Lair:5   | Identified the +4 cloak "Ukirghoss" {Int+3} (Okawaru gifted
                  | it to you on level 5 of the Lair of Beasts)
 17974 | Lair:5   | Received a gift from Okawaru
 18330 | Lair:5   | Reached XP level 14. HP: 111/111 MP: 26/26
 18483 | Lair:6   | Entered Level 6 of the Lair of Beasts
 18503 | Lair:5   | Reached skill level 10 in Axes
 19258 | Lair:6   | Noticed Josephine
 19269 | Lair:6   | Killed Josephine
 19403 | Lair:5   | Reached skill level 10 in Invocations
 19485 | Lair:5   | Reached skill level 12 in Maces & Flails
 19965 | Lair:6   | Received a gift from Okawaru
 20339 | Lair:6   | Identified the +1 quarterstaff of Nyadocw {pain, rElec
                  | Will+} (Okawaru gifted it to you on level 6 of the Lair of
                  | Beasts)
 20339 | Lair:6   | Received a gift from Okawaru
 21232 | Lair:6   | Found a large runed translucent door.
 21233 | Lair:6   | Found a large runed translucent door.
 21528 | Lair:6   | Learned a level 5 spell: Freezing Cloud
 21534 | Lair:6   | Learned a level 5 spell: Manifold Assault
 22227 | D:10     | Received a gift from Okawaru
 22228 | D:10     | Reached XP level 15. HP: 119/119 MP: 28/28
 22304 | D:10     | Found a transporter.
 22309 | D:10     | Noticed Vadun's ghost (journeyman DsBe)
 22313 | D:10     | Found a transporter.
 22350 | D:10     | Found a staircase to the Orcish Mines.
 22364 | Orc:1    | Entered Level 1 of the Orcish Mines
 22593 | Orc:1    | Found a runed translucent door.
 22610 | Orc:1    | Noticed Jeffwins's ghost (journeyman OgMo)
 22638 | Orc:1    | Killed Jeffwins's ghost
 22818 | Orc:2    | Entered Level 2 of the Orcish Mines
 23377 | Orc:1    | Reached skill level 13 in Maces & Flails
 23452 | Orc:2    | Reached skill level 10 in Short Blades
 23452 | Orc:2    | Reached skill level 10 in Long Blades
 23452 | Orc:2    | Reached skill level 10 in Polearms
 23452 | Orc:2    | Reached skill level 10 in Staves
 23452 | Orc:2    | Reached skill level 10 in Slings
 23452 | Orc:2    | Reached skill level 10 in Bows
 23452 | Orc:2    | Reached skill level 10 in Crossbows
 23452 | Orc:2    | Reached skill level 10 in Throwing
 23452 | Orc:2    | Reached skill level 10 in Dodging
 23452 | Orc:2    | Reached skill level 10 in Stealth
 23452 | Orc:2    | Reached skill level 10 in Unarmed Combat
 23452 | Orc:2    | Reached skill level 10 in Spellcasting
 23452 | Orc:2    | Reached skill level 10 in Evocations
 23851 | Orc:2    | Found Ynlum's Magic Scroll Emporium.
 23851 | Orc:2    | Found Jikiuni's General Store.
 23852 | Orc:2    | Found Yduakhliw's Armour Boutique.
 23852 | Orc:2    | Found Sesheh's Magic Scroll Emporium.
 23867 | Orc:2    | Bought a scroll of magic mapping for 45 gold pieces
 23933 | Orc:2    | Found a staircase to the Elven Halls.
 24211 | D:8      | Bought a +10 hunting sling for 588 gold pieces
 25094 | D:10     | Learned a level 5 spell: Summon Forest
 25135 | D:10     | Received a gift from Okawaru
 25773 | D:10     | Killed Vadun's ghost
 25948 | D:10     | Identified the +7 demon whip of Voud {drain, rN+} (Okawaru
                  | gifted it to you on level 10 of the Dungeon)
 25948 | D:10     | Received a gift from Okawaru
 26017 | D:10     | Identified the +2 war axe of Big Damage {vamp, rN++ Will-}
 26436 | D:11     | Found a frozen archway.
 28105 | D:12     | Found Zephoawy's Weapon Emporium.
 28304 | D:12     | Reached XP level 16. HP: 127/127 MP: 30/30
 28349 | D:12     | Received a gift from Okawaru
 28824 | D:12     | Found a runed translucent door.
 28828 | D:12     | Found a runed translucent door.
 29538 | D:12     | Learned a level 5 spell: Irradiate
 29560 | D:12     | Received a gift from Okawaru
 29864 | D:12     | Reached skill level 14 in Maces & Flails
 29864 | D:12     | Received a gift from Okawaru
 29910 | D:12     | Identified the +2 dagger "Iczin" {holy, Drain rC+ rCorr}
 29913 | D:12     | Identified the +9 hunting sling of a Hundred Orbs {flame,
                  | rElec Will++}
 30319 | Orc:2    | Bought a scroll of acquirement for 624 gold pieces
 30321 | Orc:2    | Acquired 1281 gold pieces
 31014 | D:13     | Found a gate to the Vaults.
 31439 | D:14     | Found a white marble altar of Elyvilon.
 31462 | D:14     | Identified the +1 scale mail of a sewer {rPois Str+3 Int+3}
                  | (Okawaru gifted it to you on level 14 of the Dungeon)
 31462 | D:14     | Received a gift from Okawaru
 31655 | D:14     | Gained mutation: Your flesh is heat resistant. (rF+)
                  | [potion of mutation]
 31655 | D:14     | Gained mutation: Your spells are a little harder to cast,
                  | but a little more powerful. [potion of mutation]
 32076 | D:14     | Found a large runed translucent door.
 32076 | D:14     | Found a large runed translucent door.
 32080 | D:14     | Noticed Cown's ghost (journeyman TrHu)
 32258 | D:15     | Entered Level 15 of the Dungeon
 33061 | D:15     | Found a staircase to the Depths.
 33418 | D:15     | Reached XP level 17. HP: 134/135 MP: 32/32
 33967 | Swamp:1  | Entered Level 1 of the Swamp
 34545 | Swamp:1  | Learned a level 3 spell: Portal Projectile
 34581 | Swamp:1  | Noticed Aizul
 34610 | Swamp:1  | HP: 4/135 [poisoned by Aizul (poison arrow)]
 34614 | Swamp:1  | Killed from afar by Aizul

Illustrated notes

Levels and vault maps discovered:
D:1:      giann_wishing_wells, layout_basic, shapermc_ecumenical_altar_venn,
          serial_curves, eino_curves_02, eino_curves_04, serial_bayou_pond_b,
          hangedman_decor_points, hangedman_decor_growths, st_stairs_13,
          corner_web_ring, minmay_misc_feat_square
D:2:      layout_rooms, serial_shops, shop
D:3:      layout_loops_ring, kiku_gazebo_garden_becter,
          mainiacjoe_overflow_divided_tiny
D:4:      layout_basic, temple_doors_ab, uniq_natasha, uniq_grinder, uniq_ijyb,
          uniq_blork_the_orc
D:5:      layout_basic
D:6:      layout_cave_pools, doesnt_xom_only_xom, vehumet_crystals,
          minmay_manual_mares
D:7:      layout_basic, nicolae_qazlal_style_of_elements, sword_in_stone
D:8:      layout_basic, lair_entry_dummy, gammafunk_ghost_necromancy,
          serial_shops, shop_statue, serial_park_tiny_pond, jiyva_altar_1,
          uniq_maurice, uniq_psyche
D:9:      layout_stronghold
D:10:     layout_cave_pods, orc_0_dummy, nzn_ghost_randoct, uniq_erica
D:11:     layout_cave_pools, portal_ice_cave_entry_ice_simulacra,
          disabler_island
D:12:     minmay_the_grid_triangle_9x9_rhombus_full
          [minmay_the_grid_triangle_9x9_odd_lines,
          minmay_the_grid_triangle_9x9_thin_v,
          minmay_the_grid_triangle_9x9_tough_junction,
          minmay_the_grid_triangle_9x9_intruding_spiral,
          minmay_the_grid_triangle_9x9_empty,
          minmay_the_grid_triangle_9x9_longest,
          minmay_the_grid_triangle_9x9_semitri,
          minmay_the_grid_triangle_9x9_prize_insulated], layout_layer_cave,
          serial_shops, nicolae_shop_trees
D:13:     layout_basic, david_vaults_1, kennysheep_generic_room_11
D:14:     layout_loops_ring, nicolae_elyvilon_peaceful_grove,
          ebering_ghost_disaster_area
D:15:     hangedman_depths_entry_try_elsewhere_first, layout_irregular_city
Temple:   lightli_temple_of_artemis
Lair:1:   gammafunk_indiana_jones, layout_regular_city,
          hellmonk_guarded_unrand_zhor
Lair:2:   layout_cave_shapes, lemuel_fruit_tree
Lair:3:   layout_regular_city
Lair:4:   layout_long_grid, nicolae_swamp_entry_splash_gauntlet,
          minmay_snake_entry_guardpost_medium
Lair:5:   layout_regular_city, dpeg_slime_entry_enclosed_altar,
          serial_bayou_pond_d
Lair:6:   cheibrodos_lair_end_hotspot, layout_long_grid, st_stairs_5,
          gammafunk_lair_bear_cave, serial_bayou_shore_b, uniq_josephine
Swamp:1:  layout_basic_swamp, evilmike_swamp_ruin_rubble_1,
          infiniplex_staircase_pool_2, uniq_aizul
Orc:1:    layout_caves, ebering_ghost_reflecting_pool
Orc:2:    st_orc_ogre_mass, layout_caves, gauntlet_entry_generic

Skill      XL: |  1  2  3  4  5  6  7  8  9 10 11 12 13 14 15 16 |
---------------+-------------------------------------------------+-----
Invocations    | 1 2 3 4 5 6 7 8 9 10 11 12 | 12.2
Short Blades   | 1 2 3 4 5 6 7 8 9 10 11 | 11.3
Long Blades    | 1 2 3 4 5 6 7 8 9 10 11 | 11.3
Maces & Flails | 1 2 3 5 7 8 10 11 12 13 14 | 14.8
Polearms       | 1 2 3 4 5 6 7 8 9 10 11 | 11.3
Staves         | 1 2 3 4 5 6 7 8 9 10 11 | 11.3
Slings         | 1 2 3 4 5 6 7 8 9 10 11 | 11.3
Bows           | 1 2 3 4 5 6 7 8 9 10 11 | 11.3
Crossbows      | 1 2 3 4 5 6 7 8 9 10 11 | 11.3
Throwing       | 1 2 3 4 5 6 7 8 9 10 11 | 11.3
Dodging        | 1 2 3 4 5 6 7 8 9 10 11 | 11.3
Stealth        | 1 2 3 4 5 6 7 8 9 10 11 | 11.3
Unarmed Combat | 1 2 3 4 5 6 7 8 9 10 11 | 11.3
Spellcasting   | 1 2 3 4 5 6 7 8 9 10 11 | 11.3
Conjurations   | 1 2 3 4 5 6 7 8 9 |  9.6
Hexes          | 1 2 3 4 5 6 7 8 9 |  9.6
Summonings     | 1 2 3 4 5 6 7 8 9 |  9.6
Necromancy     | 1 2 3 4 5 6 7 8 9 |  9.6
Translocations | 1 2 3 4 5 6 7 8 9 |  9.6
Transmutations | 1 2 3 4 5 6 7 8 9 |  9.6
Fire Magic     | 1 2 3 4 5 6 7 8 9 |  9.6
Ice Magic      | 1 2 3 4 5 6 7 8 9 |  9.6
Air Magic      | 1 2 3 4 5 6 7 8 9 |  9.6
Earth Magic    | 1 2 3 4 5 6 7 8 9 |  9.6
Poison Magic   | 1 2 3 4 5 6 7 8 9 |  9.6
Evocations     | 1 2 3 4 5 6 7 8 9 10 11 | 11.3
Axes           | 5 6 7 8 9 10 11 12 | 12.1
Fighting       | 7 8 9 10 11 12 | 12.8
Armour         | 7 8 9 10 11 12 | 12.8
Shields        | 7 8 9 10 11 12 | 12.8

Action                   |  1- 3 |  4- 6 |  7- 9 | 10-12 | 13-15 | 16-18 || total
-------------------------+-------+-------+-------+-------+-------+-------++-------
Melee: War axe           |    60 |    41 |    32 |       |    28 |       ||   161
       Bite              |     4 |    10 |    36 |   119 |   182 |    44 ||   395
       Long sword        |       |    41 |   207 |   648 |  1087 |   252 ||  2235
       Dagger            |       |     4 |     7 |    10 |     6 |     4 ||    31
       Double sword      |       |       |       |    12 |       |       ||    12
       Scimitar          |       |       |       |       |    21 |     3 ||    24
       Hunting sling     |       |       |       |       |     1 |       ||     1
 Fire: Hunting sling     |       |       |       |       |   196 |   394 ||   590
Throw: Dart              |     3 |       |    12 |    10 |     2 |       ||    27
       Stone             |       |       |     3 |    58 |   210 |       ||   271
 Cast: Animate Armour    |       |       |       |       |     1 |       ||     1
       Freezing Cloud    |       |       |       |       |     1 |     2 ||     3
       Manifold Assault  |       |       |       |       |     1 |       ||     1
       Irradiate         |       |       |       |       |       |     1 ||     1
Invok: Heroism           |       |       |       |     5 |     3 |     2 ||    10
Evoke: Wand              |       |       |     4 |     4 |     1 |     1 ||    10
       Condenser vane    |       |       |       |       |     1 |       ||     1
  Use: Scroll            |     3 |     2 |     4 |    11 |     5 |     1 ||    26
       Potion            |       |     3 |       |     2 |     1 |     7 ||    13
 Stab: Sleeping          |       |     4 |     7 |     7 |     5 |     2 ||    25
       Distracted        |       |       |       |     2 |     2 |       ||     4
       Invisible         |       |       |       |       |       |     3 ||     3
       Paralysed         |       |       |       |       |       |     1 ||     1
Armor: Scale mail        |    10 |       |       |   145 |   447 |   100 ||   702
       Plate armour      |    16 |       |       |       |       |       ||    16
       Ring mail         |     1 |    29 |    98 |    43 |       |       ||   171
Dodge: Dodged            |    14 |    24 |    78 |   183 |   426 |    82 ||   807
Block: Kite shield       |    40 |    41 |   156 |   568 |  1004 |   240 ||  2049
       Reflection        |       |       |     1 |    20 |    24 |    52 ||    97
       Rpst.: Long sword |       |     7 |    19 |    52 |    95 |     9 ||   182
       Scimitar          |       |       |       |       |     3 |       ||     3
